[Event "*** Titled Tuesday 3|2 Blitz"]
[Site "Chess.com"]
[Date "2016.06.07"]
[Round "2"]
[White "Penguininja"]
[Black "bugsbunny444"]
[Result "0-1"]
[WhiteElo "2212"]
[BlackElo "2362"]
[TimeControl "180+2"]
[EndTime "17:21:48 PDT"]
[Termination "bugsbunny444 won by resignation"]

1. d4 e6 2. c4 b6 3. Nf3 Bb7 4.
Nbd2 f5 5. e3 Nf6 6. Be2 g6 7.
O-O Bg7 8. b3 O-O 9. Bb2 Qe7 10.
Ne5 d6 11. Bf3 Ne4 12. Nd3 Nd7 13. Be2 e5 14. d5 Nxd2 15. Qxd2 Rae8 16. a4 a5 17. b4 axb4 18. Nxb4 Nc5 19. f3 Nb3 20. Qc2 Nxa1 21. Rxa1 Ra8 22. Bd1 e4 23. f4 Bxb2 24. Qxb2 Qg7 25. Qxg7+ Kxg7 26. Nc2 Bc8 27. Nd4 Bd7 28. h4 Ra7 29. Ne2 Rfa8 30. Nc3 Kf6 31. Kf2 Ra5 32. Bb3 b5 33. cxb5 Bxb5 34. g4 Bd3 35.
gxf5 gxf5 36. Ra3 Rc5 37. Bd1 Bc4 38. Ra1 Bxd5 39. Ne2 Bc6 40. Nd4 Bd7 41. h5 Rca5 42. Rc1 c5 43. Ne2 Bxa4 44. Nc3 Bxd1 45. Nd5+ Kf7 46.
Rxd1 Ra2+ 47. Kg3 Rg8+ 48. Kh4 0-1

[Event "*** Titled Tuesday 3|2 Blitz"]
[Site "Chess.com"]
[Date "2016.06.07"]
[Round "2"]
[White "hermionegrangermagic"]
[Black "Fibrinogen"]
[Result "1-0"]
[WhiteElo "2292"]
[BlackElo "2310"]
[TimeControl "180+2"]
[EndTime "17:21:58 PDT"]
[Termination "hermionegrangermagic won by resignation"]

1. g4 d6 2. Bg2 c6 3. g5 e5 4. d4 h6 5. dxe5 hxg5 6. Nc3 d5 7. Nf3 g4 8. Nd4 Ne7 9. Bf4 Ng6 10. Bg3 Bc5 11. e3 Qe7 12. e6 Bxe6 13. Nxe6 Qxe6 14. Ne2 Nd7 15. Nd4 Qf6 16. Qxg4 Nde5 17. Bxe5 Nxe5 18.
Qg3 Rh6 19. O-O-O Rg6 20. Qh3 Qxf2 21. Qh8+ Bf8 22. Bf1 Qxe3+ 23. Kb1 O-O-O 24. Bh3+ Kb8 25. Rhe1 Qf4 26. Bf5 Rh6 27. Qg8 Rf6 28. Qh7 g6 29.
Bh3 Bc5 30. Nb3 Bb6 31. Qg7 Nf3 32. Rf1 Qe5 33. Rxf3 Rdd6 34. Qh8+ Bd8 35. Rxf6 Qxf6 36.
Qxf6 Bxf6 37. Re1 Kc7 38. Nd2 Bg5 39. Nf3 Bd8 40. Ne5 Rf6 41. Nd3 Rf3 42. Bg2 Rf5 43.
b3 Rh5 44. h3 Rg5 45. Re2 f5 46. Nf4 Bf6 47. Ne6+ Kd6 48. Nxg5 Bxg5 49. Bf3 Bf4 50. Rg2 g5 51. Re2 d4 52. Kb2 Be3 53. Rg2 Ke5 54.
Be2 Kf4 55. c3 dxc3+ 56. Kxc3 b5 57. Kd3 c5 58. Bh5 a5 59. Re2 Bd4 60. Re6 g4 61.
hxg4 fxg4 62. Rg6 g3 63. Rg4+ Kf5 64. Rxg3 a4 65. bxa4 bxa4 66. Rf3+ Kg5 67. Be8 a3 68. Kc4 Bb2 69. Rd3 Kg4 70. Kxc5 Kf4 71. Kb4 Ke4 72.
Rb3 Kd4 73. Rxa3 Bxa3+ 74. Kxa3 Kc5 75. Kb3 Kb6 1-0

[Event "*** Titled Tuesday 3|2 Blitz"]
[Site "Chess.com"]
[Date "2016.06.07"]
[Round "2"]
[White "WanderingPuppet"]
[Black "ChessNinja48"]
[Result "0-1"]
[WhiteElo "2273"]
[BlackElo "2335"]
[TimeControl "180+2"]
[EndTime "17:22:07 PDT"]
[Termination "ChessNinja48 won by resignation"]

1. e4 e6 2. d4 d5 3. e5 c5 4. c3 Nc6 5. Nf3 Qb6 6. Be2 Bd7 7.
O-O Nh6 8. Bxh6 gxh6 9. dxc5 Qxc5 10. b4 Qe7 11. b5 Na5 12. Nbd2 Rc8 13. Rc1 Bg7 14. c4 dxc4 15. Bxc4 O-O 16. Bd3 Qb4 17. Ne4 Rxc1 18. Qxc1 Bxb5 19. Nf6+ Kh8 20. Bxb5 Qxb5 21. Qa3 Nc6 22. Qe3 Rd8 23. Nh5 Qd3 24. Qf4 Qg6 25.
Nxg7 Kxg7 26. h3 Rd5 27. Qa4 a6 28. Re1 Rd3 29. Kh2 Qf5 30. Qc4 Rd5 31. Re2 Nxe5 32. Qc3 f6 33. Nh4 Qf4+ 34. g3 Qc4 35. Qe3 Rd3 36. Qe4 Rd4 37. Qe3 Rd3 38. Qe4 Qxe4 39.
Rxe4 Rd2 40. Kg2 Rxa2 41. Rb4 b5 42. Rd4 a5 43. Kg1 a4 44. f4 Nf7 45. Rd7 b4 46. f5 e5 47. Rb7 b3 48. Ng2 b2 49.
Kh2 a3 50. g4 Ra1 51. g5 hxg5 0-1

[Event "*** Titled Tuesday 3|2 Blitz"]
[Site "Chess.com"]
[Date "2016.06.07"]
[Round "2"]
[White "Rumpel-VK"]
[Black "tactics321"]
[Result "1/2-1/2"]
[WhiteElo "2405"]
[BlackElo "2209"]
[TimeControl "180+2"]
[EndTime "17:22:08 PDT"]
[Termination "Game drawn by agreement"]

1. d4 e6 2. Nf3 f5 3. g3 Nf6 4. Bg2 Be7 5. O-O O-O 6. c4 d6 7. Nc3 Ne4 8. Qc2 Nxc3 9. Qxc3 a5 10. b3 Bf6 11. Bb2 Nc6 12. Rad1 Qe8 13. e3 e5 14.
dxe5 dxe5 15. Qc1 Qh5 16. Nd2 e4 17. Nb1 Ne5 18. Bxe5 Bxe5 19. Nc3 c6 20. Na4 Qf7 21. Rd2 Be6 22. Nc5 b6 23. Nxe6 Qxe6 24. Rfd1 Qe7 25. Rd7 Qf6 26. Qd2 a4 27. h4 axb3 28.
axb3 Ra3 29. Qb4 Ra2 30. Qxb6 Rb8 31. Rd8+ Rxd8 32. Qxd8+ Qxd8 33. Rxd8+ Kf7 34. Rc8 Rb2 35. Rxc6 Rxb3 36. Bh3 g6 37. h5 Rc3 38. Kg2 Rc2 39. Rc8 Kf6 40. c5 Bc3 41. Kf1 Rc1+ 42. Kg2 Rc2 43. c6 Be1 44. c7 Kg7 45. g4 Bxf2 46. gxf5 Bxe3+ 47. Kg3 gxf5 48. Bxf5 Bb6 49. Kg4 Rxc7 50. Rxc7+ Bxc7 51. Bxe4 h6 52. Bg6 Bd8 53. Bf5 Bg5 54. Bg6 Bf6 55. Bf5 1/2-1/2

[Event "*** Titled Tuesday 3|2 Blitz"]
[Site "Chess.com"]
[Date "2016.06.07"]
[Round "2"]
[White "Generalas"]
[Black "Keaton87"]
[Result "1/2-1/2"]
[WhiteElo "2228"]
[BlackElo "2453"]
[TimeControl "180+2"]
[EndTime "17:22:17 PDT"]
[Termination "Game drawn by repetition"]

1. e4 c5 2. c3 Nf6 3. e5 Nd5 4. d4 cxd4 5. cxd4 d6 6. Nf3 Nc6 7. Bc4 Nb6 8. Bb5 dxe5 9. Nxe5 Bd7 10. Nxd7 Qxd7 11. O-O e6 12. Nc3 Be7 13. Qg4 O-O 14. Bh6 Bf6 15. Rad1 Kh8 16. Ne4 Qe7 17. Bxc6 bxc6 18.
Bf4 Rfd8 19. Nxf6 Qxf6 20. Be5 Qg6 21. Qh3 Nc4 22. b3 Nxe5 23. dxe5 Qc2 24. Qf3 Kg8 25. Rc1 Qxa2 26. Rxc6 Rac8 27. Rxc8 Rxc8 28. Qb7 Rf8 29.
g3 h6 30. Rc1 a5 31. Qb5 Rd8 32. Rc7 Qb1+ 33. Kg2 Qe4+ 34. Kh3 g6 35. Qxa5 Rd5 36.
Rc8+ Kg7 37. Rc5 Rd3 38. Rc4 Qe2 39. Rf4 g5 40. Rf6 Qf1+ 41. Kg4 Rd4+ 42. f4 gxf4 43. Rxf7+ Kxf7 44. Qa7+ Ke8 45. Qxd4 f3 46. Qd6 f2 47.
Qxe6+ Kd8 48. Qd6+ Kc8 49. Qc6+ Kb8 50. Qb6+ Ka8 51.
Qc6+ Ka7 52. Qc7+ Ka6 53. Qc6+ Ka5 54. Qc5+ Ka6 55. Qc6+ Ka5 56. Qc5+ Ka6 57. Qc6+ Ka7 58.
Qc7+ Ka8 59. Qc8+ Ka7 60. Qc7+ Ka6 61. Qc6+ Ka5 62. Qc5+ 1/2-1/2

[Event "*** Titled Tuesday 3|2 Blitz"]
[Site "Chess.com"]
[Date "2016.06.07"]
[Round "2"]
[White "twitchTriniCupid"]
[Black "Fawolizzo"]
[Result "1-0"]
[WhiteElo "2125"]
[BlackElo "1999"]
[TimeControl "180+2"]
[EndTime "17:22:18 PDT"]
[Termination "twitchTriniCupid won on time"]

1. d4 Nf6 2. c4 e6 3. Nc3 Bb4 4. Qb3 Bxc3+ 5. Qxc3 b6 6. f3 d5 7. Bg5 Nbd7 8. e3 O-O 9. Rc1 c5 10. cxd5 exd5 11. Bd3 Re8 12. Kf2 Ng4+ 13. fxg4 Qxg5 14. Re1 Qxg4 15. Nf3 Nf6 16. dxc5 bxc5 17. Qxc5 Bf5 18. Qa3 Bxd3 19. Qxd3 Qa4 20. b3 Qxa2+ 21. Re2 Qa5 22. Rc1 Rad8 23. Nd4 Ne4+ 24. Kg1 Rc8 25. Rf1 Rc3 26.
Qb1 h6 27. b4 Qb6 28. Qb2 Rec8 29. b5 R8c4 30. Qa2 Rxd4 31. exd4 Qxd4+ 32. Kh1 Qd3 33. g3 Nd2 34. Rfe1 Qf3+ 35. Rg2 Ne4 36. Qe2 Qf6 37. Rf1 Qb6 38. Qd1 Rc5 39. Qf3 f6 40. Qf5 Rxb5 41.
Qc8+ Kh7 42. Qc2 Rb3 43. Re2 Qb7 44. Rfe1 Rc3 45. Qb1 Rb3 46. Qc2 1-0

[Event "*** Titled Tuesday 3|2 Blitz"]
[Site "Chess.com"]
[Date "2016.06.07"]
[Round "2"]
[White "JusticeBot"]
[Black "ilya261991"]
[Result "1-0"]
[WhiteElo "2527"]
[BlackElo "2587"]
[TimeControl "180+2"]
[EndTime "17:22:30 PDT"]
[Termination "JusticeBot won on time"]

1. e4 c5 2. c3 e6 3. Nf3 d5 4. exd5 exd5 5. d4 Nf6 6. Bb5+ Nc6 7. O-O Be7 8. dxc5 Bxc5 9. Re1+ Be6 10. Be3 Qb6 11.
Bxc5 Qxc5 12. Bd3 O-O 13. Nbd2 Bg4 14. Qc2 h6 15. Nb3 Qb6 16. Nbd4 Rac8 17. Bf5 Nxd4 18. Nxd4 Bxf5 19. Nxf5 Kh8 20. Re3 d4 21. Rg3 dxc3 22.
bxc3 Nh5 23. Rh3 Nf4 24. Rf3 Ng6 25. Qb3 Qxb3 26. axb3 a6 27. g3 Rc6 28. h4 Ne5 29. Re3 f6 30. Ne7 Rb6 31. c4 Rd8 32. Nd5 Rbd6 33. f4 Ng4 34. Re7 b5 35. Rae1 bxc4 36.
bxc4 Rc6 37. Re8+ Rxe8 38. Rxe8+ Kh7 39. h5 Rxc4 40. Ra8 Rc5 41. Rd8 f5 42. Ne7 Nf6 43. Ra8 a5 44. Ng6 Nxh5 45. Nf8+ Kg8 46. Ne6+ Kf7 47. Nxc5 Nxg3 48. Kf2 Nh5 49. Kf3 Nf6 50. Ra7+ Kg6 51. Nd7 Ne4 52. Ne5+ Kh7 53. Rxa5 h5 54. Ra7 Kh6 55. Ra8 Kh7 56. Rf8 Nf6 57. Kg3 Ne4+ 58. Kh4 g6 59. Rf7+ Kh6 60. Ra7 Nc5 61. Nf7+ Kg7 62. Ng5+ Kg8 63. Nh7 Ne4 64. Ng5 Nc3 65. Nf3 Ne4 66. Ne5 Kf8 67. Nxg6+ 1-0

[Event "*** Titled Tuesday 3|2 Blitz"]
[Site "Chess.com"]
[Date "2016.06.07"]
[Round "2"]
[White "Noukii"]
[Black "matej2221"]
[Result "0-1"]
[WhiteElo "2632"]
[BlackElo "2496"]
[TimeControl "180+2"]
[EndTime "17:22:46 PDT"]
[Termination "matej2221 won by resignation"]

1. d4 d5 2. c4 c6 3. Nc3 Nf6 4. Nf3 e6 5. Qb3 dxc4 6. Qxc4 b5 7. Qd3 b4 8. Na4 Qa5 9. b3 Nbd7 10. e4 c5 11. Be3 Bb7 12. dxc5 Bxe4 13. Qb5 Qxb5 14.
Bxb5 Rb8 15. Be2 Bc6 16. Rc1 Nd5 17. Bd4 f6 18. O-O e5 19. Rfe1 Be7 20. Bb2 Bxa4 21. bxa4 Nxc5 22. Bb5+ Kf8 23. Red1 Nc7 24. Be2 N7e6 25.
a5 Kf7 26. Bc4 Rhd8 27. g3 Kf8 28. Nh4 g6 29. Ng2 Rxd1+ 30. Rxd1 Rd8 31. Rxd8+ Bxd8 32. a6 Bb6 33. Ne3 Nc7 34. Ng4 Ke7 35. Kf1 N7xa6 36. f4 Nc7 37. fxe5 fxe5 38. Nxe5 a5 39. Bd4 N7e6 40.
Be3 Bc7 41. Nf3 Bd6 42. Ke2 a4 43. Kd2 h5 44. Kc2 Kf6 45. Bb5 g5 46. Nd4 Nxd4+ 47. Bxd4+ Kf5 48. Be2 g4 49. Bb5 Ne6 50. Bf2 Bc5 51.
Be1 Nd4+ 52. Kd3 Nxb5 53. Kc4 b3 54. axb3 axb3 55. Kxb3 Bg1 56. Kc4 Nd6+ 57. Kd3 Ne4 58. Ke2 Bxh2 59. Ke3 Bxg3 60. Ba5 h4 61. Ke2 h3 62.
Kf1 Be5 63. Bb6 Kf4 64. Kg1 Kf3 65. Kh1 g3 66. Kg1 Bf4 67. Kh1 Be3 68. Bc7 g2+ 69.
Kh2 g1=Q+ 0-1

[Event "*** Titled Tuesday 3|2 Blitz"]
[Site "Chess.com"]
[Date "2016.06.07"]
[Round "2"]
[White "OldweakGM"]
[Black "Semetey"]
[Result "1-0"]
[WhiteElo "2620"]
[BlackElo "2476"]
[TimeControl "180+2"]
[EndTime "17:23:05 PDT"]
[Termination "OldweakGM won by checkmate"]

1. Nf3 d5 2. c4 c6 3. cxd5 cxd5 4. d4 Nc6 5. Nc3 Nf6 6. Bf4 a6 7. e3 e6 8. Ne5 Nd7 9. Nxd7 Bxd7 10. Bd3 Be7 11.
O-O O-O 12. Rc1 Rc8 13. Qh5 f5 14. h3 b5 15. Qe2 Na5 16. Nb1 Nc4 17. b3 Nd6 18.
Rxc8 Qxc8 19. Nd2 Qc3 20. Nf3 Rc8 21. Ne5 Be8 22. g4 Ne4 23. Kg2 Qd2 24. Qxd2 Nxd2 25.
Rd1 Ne4 26. f3 Nc3 27. Rc1 a5 28. gxf5 a4 29. fxe6 a3 30. Rc2 b4 31. e4 Rd8 32. exd5 Rxd5 33. Be3 Bf6 34. Bc4 Rd6 35. f4 Kf8 36. d5 Be7 37. Rd2 Ne4 38. Rc2 Nc3 39. Bc5 Rd8 40. Bb6 Rc8 41. Nd7+ Kg8 42. Rd2 Bd6 43. f5 Bh5 44. Bc5 Ne4 45. Bxd6 Nxd6 46.
Ne5 Be8 47. Kf3 Kf8 48. Kf4 Ke7 49.
Rg2 Kf6 50. Ng4+ Ke7 51. Ne3 Kf6 52. Ng4+ Ke7 53. Ne3 Kf6 54. Rd2 g5+ 55. fxg6 Bxg6 56. Ng4+ Ke7 57. Ne5 Rf8+ 58. Kg4 Ne4 59. d6+ Nxd6 60.
Nc6+ Ke8 61. Rxd6 Bf5+ 62. Kg5 Bxe6 63. Bxe6 Rg8+ 64. Bxg8 h6+ 65. Kf6 Kf8 66. Rd8# 1-0

[Event "*** Titled Tuesday 3|2 Blitz"]
[Site "Chess.com"]
[Date "2016.06.07"]
[Round "2"]
[White "severomorskij"]
[Black "Iball95"]
[Result "1-0"]
[WhiteElo "2614"]
[BlackElo "2457"]
[TimeControl "180+2"]
[EndTime "17:23:19 PDT"]
[Termination "severomorskij won by checkmate"]

1. d4 Nf6 2. c4 c6 3. Nc3 d5 4. e3 a6 5. Qc2 e6 6. Nf3 c5 7. cxd5 exd5 8. Be2 Nc6 9. O-O cxd4 10. Nxd4 Nxd4 11. exd4 Be7 12. Bf3 O-O 13. Bg5 Be6 14.
Qb3 b5 15. Rad1 b4 16. Bxf6 Bxf6 17. Qxb4 Rb8 18. Qa3 Qb6 19. Nxd5 Bxd5 20. Bxd5 Bxd4 21. Bb3 Rfd8 22. Qe7 Qf6 23. Qxf6 Bxf6 24. Rxd8+ Rxd8 25. Rc1 Bxb2 26. Rc7 Rf8 27. Ra7 Bd4 28. Rxa6 Rc8 29. g3 Bc5 30. Ra4 g6 31. Rf4 Rc7 32. a4 Kg7 33. a5 f5 34. Ra4 Kf6 35. a6 Ke5 36. Ra2 Kd6 37. Kg2 Kc6 38. Bc4 Kb6 39. Bf1 Rd7 40.
Rc2 Re7 41. h4 Re4 42. Rb2+ Rb4 43. Re2 Re4 44. Ra2 Ka7 45. Rc2 Re5 46. Rd2 Re7 47.
Rd5 Kb6 48. Rd3 Kc6 49. Rb3 Bb6 50. Rb2 Re1 51. Be2 Ra1 52. h5 Ra3 53. h6 Kc7 54. Bc4 Ra4 55. Rc2 Kd6 56. Bb5 Ra5 57. Rc6+ Ke5 58. Rxb6 f4 59. Rb7 Ke4 60. gxf4 Kxf4 61.
a7 g5 62. Bc6 g4 63. Rf7+ Kg5 64. a8=Q Rc5 65. Be4 Kh4 66. Qd8+ Rg5 67. Rg7 g3 68. Qxg5# 1-0

[Event "*** Titled Tuesday 3|2 Blitz"]
[Site "Chess.com"]
[Date "2016.06.07"]
[Round "2"]
[White "metalbattler"]
[Black "SwiftyMcBishop"]
[Result "1/2-1/2"]
[WhiteElo "1949"]
[BlackElo "1934"]
[TimeControl "180+2"]
[EndTime "17:23:50 PDT"]
[Termination "Game drawn by agreement"]

1. e4 c5 2. Nc3 a6 3. f4 e6 4. Nf3 b5 5. d3 Nf6 6. e5 Nd5 7. Nxd5 exd5 8. d4 c4 9. g3 Nc6 10. Bg2 d6 11. O-O Bg4 12. h3 Bf5 13. g4 Be4 14.
Be3 Be7 15. Qd2 b4 16. c3 a5 17. exd6 Qxd6 18. Ne5 Bxg2 19. Qxg2 f6 20. Nxc6 Qxc6 21. Rae1 O-O-O 22. f5 Bd6 23. Bd2 Rhe8 24. Re6 Rxe6 25. fxe6 Re8 26. Re1 Bc7 27. Qf3 Kb8 28. cxb4 axb4 29.
Bxb4 Rxe6 30. Re3 Rxe3 31. Qxe3 Qd7 32. Bc5 Qa4 33. b3 cxb3 34. Qxb3+ Qxb3 35. axb3 g6 36. Kf2 Kc8 37. b4 Kd7 38. b5 Ba5 39. Kf3 Bc3 40. Ke2 Ba5 41. Kd3 Bc7 42. Kc3 Ba5+ 43. Bb4 Bb6 44. Bc5 Ba5+ 45. Kb3 Bc7 46. Ka4 Kc8 47. b6 Bd8 48. Kb5 Kb7 49. Ka5 f5 50. gxf5 gxf5 51. Kb5 f4 52. Bb4 f3 53. Be1 Bxb6 54.
Bf2 Ba7 55. Kb4 Kc6 56. Kc3 Kb5 57. Kd3 Kb4 58. Ke3 Kc4 59. Kxf3 Bxd4 60. Be1 Kd3 61. Ba5 Bc3 62. Bb6 d4 63. Bxd4 Bxd4 64. Kg2 Be3 65.
Kh1 h6 66. h4 Ke4 67. h5 Kf4 68. Kg2 Kg5 69. Kh1 Bd4 70. Kg2 Kxh5 71. Kh1 Kh4 72.
Kg2 Be5 73. Kh1 Kh3 74. Kg1 Bg3 75. Kh1 Kh4 76. Kg1 Kg4 77. Kh1 Bh4 78. Kg1 Bg5 79.
Kh1 Be3 80. Kg2 h5 81. Kh1 Kf3 82. Kh2 Kf2 83. Kh1 Kf1 84. Kh2 Bg1+ 85. Kh1 1/2-1/2

[Event "*** Titled Tuesday 3|2 Blitz"]
[Site "Chess.com"]
[Date "2016.06.07"]
[Round "2"]
[White "Mornar1951"]
[Black "ShimanovAlex"]
[Result "0-1"]
[WhiteElo "2502"]
[BlackElo "2648"]
[TimeControl "180+2"]
[EndTime "17:24:05 PDT"]
[Termination "ShimanovAlex won on time"]

1. Nf3 Nf6 2. c4 g6 3. Nc3 Bg7 4. e4 d6 5. d4 O-O 6. Be2 Na6 7.
O-O e5 8. Re1 c6 9. Be3 Re8 10.
dxe5 Ng4 11. Bc1 Qb6 12. Rf1 dxe5 13. h3 Nf6 14. Qc2 Qd8 15. Be3 Qe7 16. Rad1 Nh5 17.
a3 Nc5 18. b4 Ne6 19. c5 Nhf4 20. Bc4 Qf6 21. Bxf4 Nxf4 22. Rd6 Nxh3+ 23. Kh1 Qf4 24. Ne2 Qh6 25. gxh3 Bxh3 26. Kg1 Qh5 27. Qb3 Bxf1 28. Bxf7+ Kh8 29. Kxf1 Rf8 30. Ng3 Qh3+ 31. Ke2 Qg4 32. Be6 Qf4 33. Qe3 Rad8 34. Ng5 Rxd6 35. cxd6 Qxe3+ 36. fxe3 Bf6 37. Nf3 Kg7 38. Nf1 Rd8 39. d7 Kf8 40. N1d2 Ke7 41. Bh3 h5 42. Nc4 g5 43.
Nfxe5 Bxe5 44. Nxe5 g4 45. Nxg4 hxg4 46. Bxg4 a5 47.
Kd3 a4 48. e5 Rg8 49. Bd1 Kxd7 50. Kc4 Rg5 51. Kd4 b5 52. Bf3 Rg1 53. e6+ Kd6 54.
e7 Rg8 55. e4 Kxe7 56. e5 Kd7 57. Kc5 Rg6 58. e6+ Kc7 59. Bxc6 Rg5+ 60. Bd5 Rh5 61. e7 Kd7 62. e8=Q+ Kxe8 63. Kc6 Ke7 64. Be4 Ke6 65. Bd3 Rh3 66. Bxb5 Rxa3 67. Kc5 Ra1 68. Kd4 a3 69. Kc3 Rb1 70. Bc4+ Ke5 71. Bb3 Kd6 72. Kc2 Rb2+ 73. Kc3 Kc6 74. Bc4 Kb6 75. Bd3 Rh2 76. Bc4 a2 0-1

[Event "*** Titled Tuesday 3|2 Blitz"]
[Site "Chess.com"]
[Date "2016.06.07"]
[Round "2"]
[White "chickencrossroad"]
[Black "Danhy"]
[Result "1/2-1/2"]
[WhiteElo "2242"]
[BlackElo "2468"]
[TimeControl "180+2"]
[EndTime "17:24:17 PDT"]
[Termination "Game drawn by repetition"]

1. e4 c5 2. Nc3 g6 3. d4 cxd4 4.
Qxd4 Nf6 5. e5 Nc6 6. Qf4 Nh5 7. Qe4 Bg7 8. Nf3 d6 9. Bb5 O-O 10. g4 d5 11. Nxd5 Bxg4 12. Bxc6 Bxf3 13. Qxf3 bxc6 14. Nf4 Qa5+ 15. Kf1 Nxf4 16. Bxf4 Bxe5 17. Bxe5 Qxe5 18. Re1 Qxb2 19. h4 Qxa2 20. h5 Qc4+ 21. Kg2 Qxc2 22. Rxe7 Qf5 23. Qxf5 gxf5 24. Kf3 Rfe8 25. Rc7 Re6 26.
Rd1 Kg7 27. Rg1+ Kh6 28. Rxf7 Rd8 29. Rgg7 Rh8 30. Rxa7 Kxh5 31. Rxh7+ Rxh7 32. Rxh7+ Kg6 33. Rc7 Kf6 34. Kf4 Re4+ 35. Kf3 Rc4 36. Rc8 Ke5 37.
Re8+ Kd6 38. Rf8 Ke6 39. Re8+ Kf7 40. Rc8 c5 41. Rc6 Ke7 42. Ke3 Re4+ 43. Kd3 Re5 44. Kc4 Re2 45. Kxc5 Rxf2 46. Kd4 Re2 47. Kd3 Re5 48.
Kd4 Re4+ 49. Kd3 Re6 50. Rc5 Kf6 51. Rc8 Ke5 52. Ke3 Rg6 53. Rc5+ Kf6 54. Kf4 Rg4+ 55. Kf3 Kg5 56. Rc8 Ra4 57. Rg8+ Kf6 58. Rf8+ Kg6 59. Rg8+ Kf7 60. Rb8 Ke6 61. Re8+ Kd5 62. Rf8 Ke5 63. Re8+ Kf6 64. Rf8+ Kg6 65. Rg8+ Kf7 66. Rb8 Re4 67.
Rb6 Ra4 68. Rc6 Ke7 69. Rb6 Kf7 70. Rc6 Re4 71. Rb6 Re6 72. Rxe6 Kxe6 73. Kf4 Kf6 74. Kf3 Kg5 75. Kg3 Kg6 76. Kf4 Kf6 77. Kf3 Ke6 78. Kf4 Kf6 79. Kf3 Ke5 80. Ke3 f4+ 81. Kf3 Kf5 82.
Kf2 Kg5 83. Kf3 Kf5 84. Kf2 Ke4 85. Ke2 Kf5 86. Kf3 Kg5 87. Kf2 Kg4 88. Kg2 Kf5 89.
Kf3 Ke5 90. Kf2 Ke6 91. Kf3 Kf5 92. Kf2 Kg4 93. Kg2 Kf5 94. Kf3 Ke5 95. Kf2 Kf5 96. Kf3 Kg5 97. Kf2 Kh4 98. Kf3 Kg5 1/2-1/2

[Event "*** Titled Tuesday 3|2 Blitz"]
[Site "Chess.com"]
[Date "2016.06.07"]
[Round "2"]
[White "Ksenia_Legenko"]
[Black "Silent_Terror"]
[Result "0-1"]
[WhiteElo "2045"]
[BlackElo "2508"]
[TimeControl "180+2"]
[EndTime "17:25:29 PDT"]
[Termination "Silent_Terror won by checkmate"]

1. d4 e6 2. c4 Nf6 3. g3 Bb4+ 4. Bd2 Qe7 5. Bg2 Nc6 6. Nf3 Bxd2+ 7. Qxd2 Ne4 8. Qc2 Qb4+ 9. Nbd2 Nxd2 10. Qxd2 Qxc4 11.
O-O Qb4 12. Qd3 d5 13. a3 Qd6 14.
b4 a6 15. Rfc1 O-O 16. Rab1 Ne7 17. a4 Bd7 18. Qb3 Rfc8 19. Rc2 Be8 20. Rbc1 f6 21.
e3 c6 22. Ne1 Bg6 23. Rc3 Qd7 24. Bf1 e5 25. Nd3 Bxd3 26. Bxd3 Kh8 27. Qc2 e4 28. Bf1 f5 29. h4 Ng8 30. b5 axb5 31.
axb5 Ne7 32. bxc6 bxc6 33. Rb3 Rcb8 34. Rxb8+ Rxb8 35. Qc5 h6 36. Ra1 Re8 37. Ra7 Qe6 38.
Bh3 g5 39. hxg5 hxg5 40. Rc7 g4 41. Bg2 Kg7 42. Qa7 Kf6 43. Qc5 Rd8 44. Qa7 Qd6 45.
Qb7 Ke6 46. Bf1 Rd7 47. Rxd7 Qxd7 48. Qb8 Qc8 49. Qe5+ Kf7 50. Kg2 Ng6 51. Qd6 Qe6 52.
Qc7+ Ne7 53. Ba6 Qh6 54. Bb7 Qh3+ 55. Kg1 Qh6 56. Kg2 Qe6 57. Kg1 Ke8 58. Kg2 Qd7 59. Qb8+ Kf7 60. Ba8 Qc8 61. Qa7 Ke6 62. Kg1 Kd6 63.
Qc5+ Kd7 64. Qa7+ Qc7 65. Qc5 Nc8 66. Qf8 Ne7 67. Qh8 Qc8 68. Qxc8+ Kxc8 69. Kg2 Kb8 70. Bxc6 Nxc6 71. Kg1 Kc7 72. Kg2 Kb6 73. Kg1 Kb5 74.
Kg2 Kc4 75. Kf1 Nxd4 76. exd4 Kxd4 77. Ke2 Kc3 78. Kd1 d4 79. Kc1 d3 80. Kd1 d2 81.
Ke2 Kc2 82. Ke3 d1=Q 83. f4 Qd2# 0-1

[Event "*** Titled Tuesday 3|2 Blitz"]
[Site "Chess.com"]
[Date "2016.06.07"]
[Round "3"]
[White "attack2mateU"]
[Black "Ksenia_Legenko"]
[Result "1-0"]
[WhiteElo "2443"]
[BlackElo "2043"]
[TimeControl "180+2"]
[EndTime "17:28:22 PDT"]
[Termination "attack2mateU won by resignation"]

1. e4 c6 2. d4 d5 3. e5 Bf5 4.
Nf3 e6 5. Be2 c5 6. Be3 Qb6 7.
Nc3 Nc6 8. O-O cxd4 9. Nxd4 Nxd4 10. Bxd4 Bc5 11. Na4 Qb4 12. Nxc5 Ne7 13. c3 Qa5 14. Nxb7 Qc7 15. Nd6+ 1-0

[Event "*** Titled Tuesday 3|2 Blitz"]
[Site "Chess.com"]
[Date "2016.06.07"]
[Round "3"]
[White "Quiet_Desperation"]
[Black "Andrejkin"]
[Result "1-0"]
[WhiteElo "2309"]
[BlackElo "2153"]
[TimeControl "180+2"]
[EndTime "17:29:50 PDT"]
[Termination "Quiet_Desperation won by checkmate"]

1. e4 c5 2. Nf3 d6 3. d4 cxd4 4. Nxd4 Nf6 5. Nc3 a6 6. Be3 e6 7.
f3 b5 8. Qd2 Nbd7 9. O-O-O Bb7 10. g4 Nb6 11. Bd3 Rc8 12. Kb1 Nfd7 13. g5 b4 14.
Nce2 d5 15. Ng3 Nc4 16. Bxc4 Rxc4 17. b3 Rc3 18. Nde2 Rc8 19. h4 Qa5 20. Bd4 e5 21.
Bb2 d4 22. f4 f6 23. fxe5 fxe5 24. Rhf1 Be7 25. Nf5 Bxe4 26. Nxg7+ Kd8 27. Ne6+ Ke8 28. N2xd4 exd4 29. Qxd4 Bxc2+ 30. Ka1 Bxd1 31. Qxh8+ Nf8 32. Nxf8 Bxf8 33. Qxf8+ Kd7 34. Rxd1+ Ke6 35. Qf6# 1-0

[Event "*** Titled Tuesday 3|2 Blitz"]
[Site "Chess.com"]
[Date "2016.06.07"]
[Round "3"]
[White "silverback96"]
[Black "hangemhigh"]
[Result "0-1"]
[WhiteElo "2025"]
[BlackElo "2216"]
[TimeControl "180+2"]
[EndTime "17:30:20 PDT"]
[Termination "hangemhigh won by checkmate"]

1. Nf3 d5 2. g3 c6 3. Bg2 Bg4 4. O-O Nd7 5. c4 dxc4 6. Na3 Nb6 7. Ne5 Be6 8. f4 Nf6 9. e4 h5 10. f5 Qd4+ 11. Kh1 Qxe5 12. fxe6 Qxe6 13. d3 O-O-O 14.
Be3 Rxd3 15. Qe1 h4 16. Bxb6 axb6 17. Qb4 hxg3 18. Nxc4 Rxh2+ 19. Kg1 b5 20. Nb6+ Kc7 21. Qa5 Rxg2+ 22. Kxg2 Qxe4+ 23. Kg1 Qd4+ 24. Kh1 Qh4+ 25.
Kg1 Qh2# 0-1

[Event "*** Titled Tuesday 3|2 Blitz"]
[Site "Chess.com"]
[Date "2016.06.07"]
[Round "3"]
[White "jcibarra"]
[Black "gmjoey1"]
[Result "1-0"]
[WhiteElo "2638"]
[BlackElo "2516"]
[TimeControl "180+2"]
[EndTime "17:30:35 PDT"]
[Termination "jcibarra won by resignation"]

1. e4 c6 2. d4 d5 3. e5 Bf5 4.
h4 Qb6 5. Nc3 g6 6. g4 Bc8 7. h5 e6 8. hxg6 fxg6 9. Bd3 Ne7 10. Bg5 Bg7 11. Qd2 Nd7 12. O-O-O c5 13. Bxe7 Kxe7 14.
Qg5+ Ke8 15. Nb5 cxd4 16. Nd6+ Kf8 17. Qf4+ Bf6 18. exf6 e5 19. Qh6+ 1-0

[Event "*** Titled Tuesday 3|2 Blitz"]
[Site "Chess.com"]
[Date "2016.06.07"]
[Round "3"]
[White "anon102030"]
[Black "chessking2151"]
[Result "1-0"]
[WhiteElo "2505"]
[BlackElo "2316"]
[TimeControl "180+2"]
[EndTime "17:30:40 PDT"]
[Termination "anon102030 won by resignation"]

1. e4 e5 2. Nc3 Nf6 3. g3 d5 4.
exd5 Nxd5 5. Bg2 Nxc3 6. bxc3 c6 7. Nf3 Bd6 8. O-O O-O 9. d4 e4 10. Ng5 f5 11. f3 h6 12. Nh3 exf3 13. Bxf3 Nd7 14.
Nf4 Nf6 15. c4 g5 16. Ng6 Re8 17. c5 Bc7 18. Bb2 Nd5 19. Qd3 Re3 20. Bxd5+ 1-0

[Event "*** Titled Tuesday 3|2 Blitz"]
[Site "Chess.com"]
[Date "2016.06.07"]
[Round "3"]
[White "Malev212"]
[Black "pKiLz5Rn9b"]
[Result "0-1"]
[WhiteElo "2284"]
[BlackElo "2457"]
[TimeControl "180+2"]
[EndTime "17:31:17 PDT"]
[Termination "pKiLz5Rn9b won by resignation"]

1. Nf3 Nf6 2. g3 d5 3. Bg2 e6 4. O-O Be7 5. b3 O-O 6. Bb2 c5 7. e3 Nc6 8. c4 d4 9. exd4 cxd4 10. Re1 Ne8 11. d3 f6 12. Nbd2 e5 13. Nh4 g5 14.
Nhf3 a5 15. a3 Nc7 16. h4 h6 17. hxg5 hxg5 18. Nh2 Kg7 19. f4 exf4 20. gxf4 Ne6 21. fxg5 fxg5 22. Rxe6 Bxe6 23. Qe2 Bf5 24. Rf1 Bg6 25.
Re1 Bc5 26. Ng4 Qd6 27. Ne4 Bxe4 28. Bxe4 Rf4 29. Ne3 Raf8 30. Nd5 Rf2 31. Qh5 Qg3+ 32. Kh1 Rf1+ 0-1

[Event "*** Titled Tuesday 3|2 Blitz"]
[Site "Chess.com"]
[Date "2016.06.07"]
[Round "3"]
[White "ChessNinja48"]
[Black "Dr-Bassem"]
[Result "0-1"]
[WhiteElo "2332"]
[BlackElo "2587"]
[TimeControl "180+2"]
[EndTime "17:31:28 PDT"]
[Termination "Dr-Bassem won by resignation"]

1. d4 f5 2. Nf3 e6 3. g3 Nf6 4. Bg2 Be7 5. O-O O-O 6. c4 d6 7. Nc3 Qe8 8. Qc2 Qg6 9. Re1 Ne4 10. Nd2 Nxc3 11. Qxc3 Bf6 12. Qd3 e5 13. dxe5 dxe5 14. e4 f4 15. c5 Nc6 16. Qc4+ Kh8 17. b4 Bg5 18. Nf3 Be6 19. Qc3 Bf6 20. Bb2 Bg4 21. gxf4 exf4 22. e5 Bh3 23. Nh4 Bxh4 24. Qxh3 f3 25.
Re3 Qxg2+ 26. Qxg2 fxg2 27. Re2 Nxb4 28. Kxg2 Nd3 29.
Bd4 Nf4+ 0-1